AoeStats
← Michi3052

MegaRandom

503674836Analyzed
1v1 RM · 1mo ago on Sep 1, 2026· 75m 6s· 2 players
Game mode
Random Map
Map size
Tiny (2 player)
Population
200
Speed
Normal
Resources
Standard
Victory
Conquest
Starting age
Dark Age
Ending age
Imperial Age
RankedLock teamsTeams togetherTeam positionsShared explorationLock speedFull tech treeHidden civsTurbo modeCheats
Victory
Defeat
🇩🇪 Vikings · Germany
753
+15
🇪🇸 Chinese · Spain
735
-15
Michi3052
1:04 Loom
12:53 Feudal Age
13:43 Double-Bit Axe
21:11 Castle Age
23:22 Wheelbarrow
23:06 Bow Saw
26:53 Town Watch
27:49 Medium Warships
32:53 Imperial Age
30:43 Hand Cart
33:30 Bloodlines
33:21 Husbandry
34:36 Cavalier
36:09 Scale Barding Armor
36:15 Forging
37:13 Gold Mining
43:03 Gold Shaft Mining
43:09 Conscription
43:03 Padded Archer Armor
42:54 Fletching
45:25 Bodkin Arrow
54:48 Stone Mining
54:23 Elite Fire Lancer
55:04 Squires
54:50 Arson
57:51 Man-at-Arms
59:12 Fishing Lines
60:56 Two-Man Saw
60:26 Long Swordsman
60:27 Pikeman
61:08 Two-Handed Swordsman
61:45 Capped Ram
62:45 Siege Ram
63:43 Champion
63:44 Halberdier
65:40 Stone Shaft Mining
65:43 Ballistics
66:24 Chemistry
65:35 Masonry
65:52 Scale Mail Armor
66:28 Iron Casting
66:36 Iron Casting
66:03 Bracer
66:21 Leather Archer Armor
66:37 Horse Collar
67:15 Chain Mail Armor
68:57 Blast Furnace
Kogadoo
6:20 Loom
10:34 Feudal Age
11:19 Double-Bit Axe
12:04 Fishing Lines
17:44 Man-at-Arms
28:38 Castle Age
29:48 Forging
29:44 Scale Mail Armor
29:08 Long Swordsman
33:50 Gillnets
34:14 Gold Mining
38:45 Pikeman
42:31 Iron Casting
42:13 Chain Mail Armor
47:02 Imperial Age
45:31 Stone Mining
46:17 Gold Shaft Mining
49:35 Blast Furnace
49:09 Plate Mail Armor
49:47 Chemistry
48:59 Masonry
58:01 Chieftains
58:40 Hoardings
57:38 Elite Skirmisher
58:15 Town Watch
61:54 Two-Handed Swordsman
62:54 Champion
72:49 Murder Holes
Connection lost

Rejoining the realm…

Still unreachable

The connection could not be restored.

Session expired

The server has moved on; the page needs a fresh start.